 Dungeon Crawl Stone Soup version 0.27-a0-828-g8289197e94 (webtiles) character file.

Game seed: 8927903790184882417

266 dickylongcocking the Insei (level 6, -9/55 HPs)
             Began as a Djinni Transmuter on Mar 30, 2021.
             Was an Initiate of Cheibriados.
             Mangled by Menkaure (10 damage)
             ... on level 5 of the Dungeon.
             The game lasted 00:02:57 (5236 turns).

dickylongcocking the Insei (Djinni Transmuter)      Turns: 5236, Time: 00:02:58

Health: -9/55      AC:  5    Str: 10    XL:     6   Next: 20%
Gold:   104        EV: 10    Int: 18    God:    Cheibriados [......] SH:  0 Dex: 14

rFire    x . .     SeeInvis .     - Unarmed
rCold    + + +     Faith    .   (shield currently unavailable)
rNeg     . . .     Spirit   .   (armour currently unavailable)
rPois    ∞         Reflect  .   (helmet currently unavailable)
rElec    .         Harm     .   (cloak currently unavailable)
rCorr    .         Rampage  .   (gloves currently unavailable)
Will     .....                  (boots unavailable)
Stlth    +.........             (no amulet)
HPRegen  0.18/turn              (no ring)
MPRegen  0.00/turn              (no ring)

@: ice-form, flying, very slightly contaminated, very slow
A: freezing attack, flying, boosted hp, large, (fire resistance 2), (cold
vulnerability 1), float, innate caster, hp casting, extra vitality 1
a: End Transformation, Renounce Religion, Bend Time


You were on level 5 of the Dungeon.
You worshipped Cheibriados.
Cheibriados was noncommittal.
You were a creature of crystalline ice.
You visited 1 branch of the dungeon, and saw 5 of its levels.

You collected 104 gold pieces.

Inventory:

Armour
 a - a +0 robe
 o - a +0 helmet (melded)
 r - a +0 leather armour (melded)
Jewellery
 f - a +4 ring of protection
Wands
 p - a wand of digging (4)
Scrolls
 c - a scroll of magic mapping {unknown}
 d - 2 scrolls of amnesia {unknown}
 e - 4 scrolls of enchant weapon {unknown}
 g - 5 scrolls of teleportation {unknown}
 h - a scroll of holy word {unknown}
 j - 3 scrolls of identify {unknown}
 k - a scroll of immolation {unknown}
Potions
 b - a potion of lignification {unknown}
 i - 2 potions of curing
 l - a potion of brilliance {unknown}
 m - a potion of haste {unknown}
 n - a potion of resistance {unknown}
 q - a potion of attraction {unknown}


   Skills:
 * Level 3.1 Fighting
 - Level 2.1 Dodging
 * Level 4.9 Unarmed Combat
 * Level 3.1 Spellcasting


You couldn't memorise any spells.
You knew the following spells:

 Your Spells              Type           Power      Damage    Failure   Level
a - Beastly Appendage     Tmut           28%        N/A       4%          1
b - Wereblood             Tmut           14%        N/A       7%          2
c - Spider Form           Tmut/Pois      7%         N/A       13%         3
d - Ice Form              Ice/Tmut       14%        N/A       41%         4
e - Hydra Form            Tmut           7%         N/A       77%         5
f - Pain                  Necr           56%        1d6       4%          1
g - Ensorcelled Hibernat  Hex/Ice        28%        N/A       7%          2
Your spell library was empty.

Dungeon Overview and Level Annotations

Branches:
Dungeon (5/15)
 Temple: D:4-7

Altars:
Cheibriados
Elyvilon
Kikubaaqudgha
Makhleb
Trog
Yredelemnul

Shops:
D:2 *

Annotations:
D:5 Menkaure


Innate Abilities, Weirdness & Mutations

You are a creature of crystalline ice.
You have a powerful freezing melee attack.
You are flying.
Your maximum health is increased.
Your armour is entirely melded.
You are incapable of wielding weapons or throwing items.
You are immune to poison.
((Your flesh is very heat resistant. (rF++)))
((You are vulnerable to cold. (rC-)))
You float through the air rather than walking.
You learn spells naturally, not from books.
Your magical power is your life essence.
You have superior vitality. (+4 HP)


Message History

Unknown command.
Casting: Spider Form (dangerous; 19% risk of failure)
Confirm with . or Enter, or press ? or * to list all spells.
Okay, then.
Casting: Spider Form (dangerous; 19% risk of failure)
Confirm with . or Enter, or press ? or * to list all spells.
The spell is potentially lethal to cast (86% risk of failure)!
Continue anyway?
Okay, then.
Okay, then.
Casting: Hydra Form (potentially lethal; 86% risk of failure)
Confirm with . or Enter, or press ? or * to list all spells.
Okay, then.
Casting: Hydra Form (potentially lethal; 86% risk of failure)
Confirm with . or Enter, or press ? or * to list all spells.
The spell is extremely dangerous to cast (52% risk of failure)!
Continue anyway?
You miscast Ice Form.
You are very lightly contaminated with residual magic.
Nothing appears to happen.
Menkaure hits you!! Menkaure hits you.
Unknown command.
Casting: Ice Form (extremely dangerous; 52% risk of failure)
Confirm with . or Enter, or press ? or * to list all spells.
The spell is extremely dangerous to cast (52% risk of failure)!
Continue anyway?
You turn into a creature of crystalline ice.
Your +0 helmet melds into your body.
Your +0 leather armour melds into your body.
Menkaure barely misses you.
Unknown command.
Unknown command.
You hit Menkaure. You freeze Menkaure.
Menkaure is moderately damaged.
Menkaure hits you!!
* * * LOW HITPOINT WARNING * * *
You punch Menkaure! You freeze Menkaure.
Menkaure is severely damaged.
Menkaure barely misses you.
Unknown command.
You hit Menkaure but do no damage.
Menkaure is severely damaged.
Menkaure hits you!
You die...

########
#.....<#####
#######...........#
....................
....................
....................
.............#..##..
....$........#.## .
.......Y.....#.#
.......M.......
...............#
######.(.#####.#
#..## ##.# #.# #.#


You could see Menkaure (fast).

Vanquished Creatures
  A scorpion (D:4)
  A water moccasin zombie (D:5)
  An iguana (D:3)
  Natasha (D:4)
  4 adders
  A shadow imp (D:3)
  2 dart slugs
  An orc (D:4)
  A ball python (D:3)
  6 endoplasms
  4 goblins
  7 hobgoblins
  8 jackals
  3 quokkas
  2 bats
  3 frilled lizards
  3 kobolds
  3 rats
52 creatures vanquished.

Notes
Turn   | Place    | Note
-------+----------+-------------------------------------------
     0 | D:1      | dickylongcocking the Djinni Transmuter began the quest for
                  | the Orb.
     0 | D:1      | Reached XP level 1. HP: 17/17 MP: 0/0
   460 | D:1      | Reached XP level 2. HP: 22/22 MP: 0/0
  1684 | D:1      | Reached XP level 3. HP: 8/27 MP: 0/0
  1684 | D:1      | Learned a level 1 spell: Pain
  2213 | D:2      | Reached skill level 4 in Unarmed Combat
  2669 | D:2      | Reached XP level 4. HP: 27/33 MP: 0/0
  2767 | D:2      | Found Teri Fya's General Store.
  3702 | D:3      | Found a bloodstained altar of Trog.
  3912 | D:4      | Noticed a scorpion
  3919 | D:4      | Killed a scorpion
  3920 | D:4      | Reached XP level 5. HP: 19/39 MP: 0/0
  3920 | D:4      | Learned a level 2 spell: Ensorcelled Hibernation
  4377 | D:4      | Found a white marble altar of Elyvilon.
  4515 | D:4      | Found a burning altar of Makhleb.
  4537 | D:4      | Found a snail-covered altar of Cheibriados.
  4552 | D:4      | Became a worshipper of Cheibriados the Contemplative
  4837 | D:4      | Noticed Natasha
  4845 | D:4      | Killed Natasha
  5013 | D:4      | Found a basalt altar of Yredelemnul.
  5091 | D:5      | Entered Level 5 of the Dungeon
  5110 | D:5      | Reached XP level 6. HP: 28/46 MP: 0/0
  5228 | D:5      | Noticed Menkaure
  5234 | D:5      | HP: 1/55 [Menkaure (18)]
  5236 | D:5      | Mangled by Menkaure

Illustrated notes

Levels and vault maps discovered:
D:1:      nicolae_arrival_washed_ashore, layout_basic
D:2:      layout_rooms, serial_shops, shop_statue, minivault_24,
          nicolae_underground_beach
D:3:      layout_rooms, lightli_temple_of_fire
D:4:      layout_loops_cross, kennysheep_ying_yang,
          nicolae_kikubaaqudgha_miasma_corner, nicolae_overflow_hidden_temple,
          uniq_natasha
D:5:      layout_rooms, nicolae_dithmenos_the_darkroom, uniq_crazy_yiuf_cottage,
          uniq_menkaure

Skill      XL: |  1  2  3  4  5 |
---------------+----------------+-----
Spellcasting   | 2 3 |  3.1
Unarmed Combat | 4 |  4.9
Fighting       | 2 3 |  3.1
Dodging        | |  2.1

Action                   |  1- 3 |  4- 6 || total
-------------------------+-------+-------++-------
Melee: Unarmed           |   129 |    80 ||   209
       Punch             |     4 |       ||     4
       Headbutt          |     7 |     3 ||    10
 Cast: Beastly Appendage |     8 |     6 ||    14
       Spider Form       |     3 |     8 ||    11
       Pain              |       |     2 ||     2
       Ice Form          |       |     1 ||     1
Evoke: Wand              |       |     1 ||     1
  Use: Potion            |     1 |       ||     1
 Stab: Sleeping          |     2 |     1 ||     3
Armor: Robe              |    22 |     5 ||    27
       Skin              |       |     3 ||     3
       Leather armour    |       |     2 ||     2
Dodge: Dodged            |   116 |    54 ||   170

Table legend: (Time is in decaauts)
 A = Elapsed time spent in this place.
 B = Non-inter-level travel time spent in this place.
 C = Inter-level travel time spent in this place.
 D = Time resting spent in this place.
 E = Time spent auto-exploring this place.
 F = Levels seen in this place.
 G = Mean time per level.
                   A        B        C        D        E       F      G
               +--------+--------+--------+--------+--------+-----+--------+
         Total |   5333 |   5144 |    189 |    855 |   3788 |   5 | 1066.6 |
       Dungeon |   5333 |   5144 |    189 |    855 |   3788 |   5 | 1066.6 |
               +--------+--------+--------+--------+--------+-----+--------+

Top non-repeatable levels by time:
     D:1: 1996 daAuts
     D:4: 1403 daAuts
     D:2: 980 daAuts
     D:3: 808 daAuts
     D:5: 145 daAuts
